 Dungeon Crawl Stone Soup version 0.23.2-30-g0e89c35649 (webtiles) character file.

Game seed: 11916747256798689778

241 HASTUR3 the Shooter (level 5, 20/40 HPs)
             Began as a Centaur Arcane Marksman on June 19, 2019.
             Quit the game on level 4 of the Dungeon.
             The game lasted 00:18:17 (3117 turns).

HASTUR3 the Shooter (Centaur Arcane Marksman)       Turns: 3117, Time: 00:18:18

Health: 20/40      AC:  4    Str: 13    XL:     5   Next: 80%
Magic:  8/8        EV:  9    Int: 12    God:
Gold:   231        SH:  0    Dex: 10    Spells: 2/8 levels left

rFire    . . .     SeeInvis .   a - +1 shortbow
rCold    . . .     Gourm    .   (shield currently unavailable)
rNeg     . . .     Faith    .   k - +0 robe (curse)
rPois    .         Spirit   .   (no helmet)
rElec    .         Reflect  .   (no cloak)
rCorr    .         Harm     .   (no gloves)
MR       .....                  (no barding)
Stlth    +.........             (no amulet)
HPRegen  0.13/turn              (no ring)
MPRegen  0.11/turn              (no ring)

@: very quick
A: large, hooves 3, deformed body, speed 2, tough skin 3
a: no special abilities


You were on level 4 of the Dungeon.
You were not hungry.

You visited 1 branch of the dungeon, and saw 4 of its levels.

You collected 231 gold pieces.

Inventory:

Hand Weapons
 a - a +1 shortbow (weapon)
 b - a +0 scimitar of holy wrath
Missiles
 d - 47 arrows (quivered)
Armour
 k - a cursed +0 robe (worn)
Wands
 i - a wand of random effects (11)
 o - a wand of iceblast (6)
Scrolls
 e - a scroll of teleportation
 g - a scroll of identify {unknown}
 l - a scroll of amnesia {unknown}
 m - a scroll of enchant weapon
Potions
 c - a potion of brilliance
 h - a potion of curing {unknown}
 n - a potion of degeneration {unknown}
 p - a potion of mutation {unknown}
 q - a potion of magic {unknown}
Comestibles
 f - 8 rations
 j - 5 chunks of flesh


   Skills:
 - Level 1.0 Fighting
 - Level 5.0 Bows
 - Level 1.3 Dodging
 - Level 2.0 Spellcasting
 + Level 3.8 Hexes
 * Level 2.4 Fire Magic


You had 2 spell levels left.
You knew the following spells:

 Your Spells              Type           Power        Failure   Level  Hunger
a - Corona                Hex            ##.....      5%          1    ##.....
b - Slow                  Hex            ##......     9%          2    ###....
c - Inner Flame           Hex/Fire       #.......     22%         3    ####...

Your spell library contained the following spells:

 Spells                   Type           Power        Failure   Level  Hunger
 Sandblast                Erth           #.....       26%         1    ##.....
 Passwall                 Tmut/Erth      #.......     38%         2    ###....
 Portal Projectile        Hex/Tloc       #.....       36%         3    ####...
 Cause Fear               Hex            ##........   50%         4    #####..
 Stone Arrow              Conj/Erth      #.....       63%         3    ####...
 Leda's Liquefaction      Hex/Erth       #.........   77%         4    #####..
 Petrify                  Tmut/Erth      #.......     95%         4    #####..
 Lee's Rapid Deconstruct  Erth           #.........   100%        5    ######.


Dungeon Overview and Level Annotations

Branches:
Dungeon (4/15)
 Temple: D:4-7

Altars:
Fedhas
Okawaru
Sif Muna
Uskayaw
Wu Jian
Xom
Zin


Innate Abilities, Weirdness & Mutations

You have hooves in place of feet.
Armour fits poorly on your strangely shaped body.
You cover ground very quickly.
You have extremely tough skin. (AC +3)


Message History

Firing (i - inventory)
d - 50 arrows (quivered)
Press: ? - help, Shift-Dir - straight line, f/p - worm
Aim: a worm You shoot an arrow.
The arrow hits the worm!
The worm is moderately wounded.
Firing (i - inventory)
d - 49 arrows (quivered)
Press: ? - help, Shift-Dir - straight line, f/p - worm
Aim: a worm (moderately wounded)
You shoot an arrow. The arrow hits the worm.
The worm is heavily wounded.
Firing (i - inventory)
d - 48 arrows (quivered)
Press: ? - help, Shift-Dir - straight line, f/p - worm
Aim: a worm (heavily wounded)
You shoot an arrow. The arrow hits the worm.
The worm is severely wounded.
Firing (i - inventory)
d - 47 arrows (quivered)
Press: ? - help, Shift-Dir - straight line, f/p - worm
Aim: a worm (severely wounded)
Okay, then.
Are you sure you want to abandon this character and quit the game? (Confirm with "yes".)

###########..8..._...8..#.###
#.....).รท).......)..)......##
#####.##########.8.......8....>..
#.(.(..# #.................
#.###..# #.8.......8......# ..#
#..# #...........#...## ..# #..#
#.##..#.#.####.## Z.# #..#
#.##......# #.### #.###..#
#@#######.# #.... #.##...# #.#
#.# #.... #.##...#### #(# ###.#
#.##. ..........# #(# #....# #.#
# #......##.# #w# #$#### #.#
####.####.######(# #.# #s# #
#.........!.((# #.# #.#
#####..$.....?.(#####.##### #.#
....Za....####............# #.#


You could see a worm.

Vanquished Creatures
  A bullfrog skeleton (D:4)
  Jessica (D:2)
  Ijyb (D:3)
  A worker ant (D:4)
  A hound skeleton (D:4)
  4 adders
  An adder skeleton (D:4)
  4 worms (D:2)
  A dart slug (D:3)
  2 leopard geckos
  8 orcs
  5 giant cockroaches
  8 hobgoblins
  2 jackals (D:3)
  7 bats
  3 frilled lizards
  7 goblins
  6 kobolds
  4 rats
67 creatures vanquished.

Notes
Turn   | Place    | Note
-------+----------+-------------------------------------------
     0 | D:1      | HASTUR3 the Centaur Arcane Marksman began the quest for the
                  | Orb.
     0 | D:1      | Reached XP level 1. HP: 16/16 MP: 2/2
   182 | D:1      | Reached skill level 3 in Bows
   315 | D:1      | Reached XP level 2. HP: 23/23 MP: 3/3
   580 | D:1      | Learned a level 2 spell: Slow
   960 | D:2      | Reached XP level 3. HP: 27/28 MP: 5/5
  1005 | D:2      | Reached skill level 4 in Bows
  1155 | D:2      | Found a shimmering altar of Xom.
  1155 | D:2      | Found a glowing silver altar of Zin.
  1155 | D:2      | Noticed an angel
  1155 | D:2      | Noticed Jessica
  1171 | D:2      | Killed Jessica
  1171 | D:2      | Reached XP level 4. HP: 20/35 MP: 6/6
  1298 | D:2      | Found an iron altar of Okawaru.
  1300 | D:2      | Found an ornate altar of the Wu Jian Council.
  1301 | D:2      | Found a deep blue altar of Sif Muna.
  1304 | D:2      | Found a blossoming altar of Fedhas.
  1760 | D:3      | Learned a level 3 spell: Inner Flame
  1929 | D:3      | Noticed Ijyb
  2019 | D:3      | Killed Ijyb
  2169 | D:3      | Reached skill level 5 in Bows
  2169 | D:3      | Reached skill level 1 in Fire Magic
  2270 | D:3      | Reached XP level 5. HP: 31/40 MP: 5/7
  2864 | D:4      | Found a hide-covered altar of Uskayaw.
  3117 | D:4      | Quit the game

Skill      XL: |  1  2  3  4  5 |
---------------+----------------+-----
Bows           | 3 4 5 |  5.0
Hexes          | 3 |  3.8
Fire Magic     | 1 2 |  2.4
Spellcasting   | 2 |  2.0
Fighting       | |  1.0
Dodging        | |  1.3

Action                   |  1- 3 |  4- 6 || total
-------------------------+-------+-------++-------
Melee: Spear             |     5 |       ||     5
       Shortbow          |       |     1 ||     1
 Fire: Shortbow          |   108 |   161 ||   269
 Cast: Slow              |       |     4 ||     4
       Corona            |       |     4 ||     4
       Inner Flame       |       |     3 ||     3
  Use: Scroll            |     4 |       ||     4
       Potion            |       |     1 ||     1
  Eat: Chunk             |       |     5 ||     5
Armor: Robe              |     4 |    26 ||    30
Dodge: Dodged            |    12 |    36 ||    48
